Workbook
Name numero: #REF!
Name numero: #REF!
Name REVISION: [11]Portada!$H$39

Sheet EAP Chicama
A1: CHICAMA | B1: CUENCA CHICAMA
A2: 1 | B2: Estructura típica
A3: 1A-01 | B3: Dique de Retención (de concreto ciclópeo)
A4: 1A-01 -01 01 | B4: Construcción, mejoramiento y/o rehabilitación de acceso hasta dique de relleno | C4: km
A5: 1A-01 -01 02 | B5: Construcción de campamento provisional de obra
A6: 1A-01 -01 02.01 | B6: Terraplén para campamento provisional | C6: m2
A7: 1A-01 -01 02.02 | B7: Campamento | C7: m2
A8: 1A-01 -01 03 | B8: Desbroce y limpieza con equipo de suelo vegetal h=0.3m (área de influencia PIP) | C8: m2
A9: 1A-01 -01 04 | B9: Acopio de material orgánico en DMO distancia media …km | C9: m3
A10: 1A-01 -01 05 | B10: Excavación para fundación y empotramiento de dique de concreto (indicar el tipo de material y Fw)
A11: 1A-01 -01 05.01 | B11: Excavación hasta nivel de plataforma (indicar si incluye carguío o no dependiendo de la condición) | C11: m3
A12: 1A-01 -01 05.02 | B12: Excavación de base de dique | C12: m3
A13: 1A-01 -01 05.03 | B13: Excavación de uñas de empotramiento de dique h=2m | C13: m3
A14: 1A-01 -01 05.04 | B14: Excavación de uña de colchón de enrocado | C14: m3
A15: 1A-01 -01 05.05 | B15: Excavación en roca/material suelto en estribos de dique profundidad >=1m | C15: m3
A16: 1A-01 -01 05.06 | B16: Excavación para contradique | C16: m3
A17: 1A-01 -01 06 | B17: Conformación y compactación de superficie para fundación
A18: 1A-01 -01 06.01 | B18: Conformación y compactación de superficie para uñas y dique | C18: m2
A19: 1A-01 -01 06.02 | B19: Conformación y compactación de superficie para losa de disipación | C19: m2
A20: 1A-01 -01 06.03 | B20: Conformación y compactación de superficie para colchón de enrocado | C20: m2
A21: 1A-01 -01 07 | B21: Eliminación de material excedente | C21: m3
A22: 1A-01 -01 08 | B22: Colocación de concreto de solados y concreto de regularización
A23: 1A-01 -01 08.01 | B23: Colocación de concreto de regularización para uñas de empotramiento de dique | C23: m3
A24: 1A-01 -01 08.02 | B24: Solado para contradique | C24: m2
A25: 1A-01 -01 09 | B25: Encofrado y Desencofrado
A26: 1A-01 -01 09.01 | B26: Encofrado y desencofrado vertical de uñas de dique | C26: m2
A27: 1A-01 -01 09.02 | B27: Encofrado y desencofrado vertical de escalones de vertedero de dique | C27: m2
A28: 1A-01 -01 09.03 | B28: Encofrado y desencofrado de taludes de dique (1:2) | C28: m2
A29: 1A-01 -01 09.04 | B29: Encofrado y desencofrado vertical de corona de dique | C29: m2
A30: 1A-01 -01 09.05 | B30: Encofrado y desencofrado de contradique | C30: m2
A31: 1A-01 -01 09.06 | B31: Encofrado y desencofrado de muros guías del vertedero | C31: m2
A32: 1A-01 -01 10 | B32: Acero de refuerzo para concreto estructural
A33: 1A-01 -01 10.01 | B33: Habilitación de acero y/o suministro de acero habilitado puesto en obra | C33: kg
A34: 1A-01 -01 10.02 | B34: Colocación de acero estructural fy=4200kgf/cm2 para contradique | C34: kg
A35: 1A-01 -01 10.03 | B35: Colocación de acero estructural fy=4200kgf/cm2 para muros guías del vertedero | C35: kg
A36: 1A-01 -01 11 | B36: Concreto ciclópeo f´c=175kgf/cm2 + 30% PG
A37: 1A-01 -01 11.01 | B37: Colocación de C° Ciclópeo en uñas y base hasta Z1 | C37: m3
A38: 1A-01 -01 11.02 | B38: Colocación de C° Ciclópeo en cuerpo de dique hasta Z3 | C38: m3
A39: 1A-01 -01 11.03 | B39: Colocación de C° Ciclópeo de corona de dique hasta Z4 | C39: m3
A40: 1A-01 -01 11.04 | B40: Colocación de C° Ciclópeo de losa de disipación de energía | C40: m3
A41: 1A-01 -01 12 | B41: Concrero estructural f´c=210kgf/cm2
A42: 1A-01 -01 12.01 | B42: Concreto contradique | C42: m3
A43: 1A-01 -01 12.02 | B43: Concreto muros guías del vertedero e=0.50m | C43: m3
A44: 1A-01 -01 13 | B44: Juntas de construcción
A45: 1A-01 -01 13.01 | B45: WS para Juntas verticales entre tramos de L<=9m de dique | C45: m
A46: 1A-01 -01 13.02 | B46: Sello elástomérico para juntas verticales entre tramos de L<=9m de dique | C46: m
A47: 1A-01 -01 13.03 | B47: Sello elástomérico para junta entre dique y losa de disipación de energía | C47: m
A48: 1A-01 -01 13.04 | B48: WS para junta entre muros y contradique + juntas entre paños de contradique | C48: m
A49: 1A-01 -01 13.05 | B49: Sello elastomérico para junta entre muros y contradique + juntas entre paños de contradique | C49: m
A50: 1A-01 -01 13.06 | B50: WS para juntas horizontales e inclinadas entre dique y muros | C50: m
A51: 1A-01 -01 13.07 | B51: Sello elastomérico para juntas horizontales e inclinadas entre dique y muros | C51: m
A52: 1A-01 -01 13.08 | B52: WS para juntas verticales de muros | C52: m
A53: 1A-01 -01 13.09 | B53: Sello elastomérico para juntas verticales de muros | C53: m
A54: 1A-01 -01 14 | B54: Relleno estructural
A55: 1A-01 -01 14.01 | B55: Relleno estructural contra uñas de empotramiento de dique | C55: m3
A56: 1A-01 -01 14.02 | B56: Relleno estructural contradique | C56: m3
A57: 1A-01 -01 15 | B57: Tubo de PVC D=100mm @1m en contradique | C57: m
A58: 1A-01 -01 16 | B58: Enrocado de protección
A59: 1A-01 -01 16.01 | B59: Procesamiento de material en cantera de roca | C59: m3
A60: 1A-01 -01 16.011 | B60: Transporte de roca para enrocado de protección distancia media …km | C60: m3
A61: 1A-01 -01 16.02 | B61: Colocación de roca en uña de colchón de enrocado | C61: m3
A62: 1A-01 -01 16.03 | B62: Colocación de roca en colchón de enrocado | C62: m3
A65: 7 | B65: Estructura típica de Tramo de Río Chicama: Descolmatación, Encauzamiento y Protección
B66: Descolmatación | C66: m3
B67: Descolmatación y acopio para carguío con tractor D8 y excavadora sobre orugas | C67: m3
B68: Carguío y transporte de material para eliminación Dist. = … km | C68: m3
B69: Conformación de material en DME o terraza
B71: Conformación de diques (ambas márgenes)
B72: Contrucción de nuevos muros Margen derecho (CUI 3 Anexo 2 HID-21-01, según PIP 1.51km)
B73: Construcción de nuevos muros Margen izquierdo (CUI 3 Anexo 2 HID-21-01, según PIP 0km)
B74: Conformación y compactación de superficie para fundación | C74: m2
B75: Conformación de dique con material propio | C75: m3
B76: Perfilado de taludes de dique | C76: m2
B77: Excavación de uña antisocavante | C77: m3
B78: Colocación de geotextil 400g/m2 en uña antisocavante y cara de dique | C78: m2
B79: Colocación de enrocado de protección en uña antisocavante (D=1.5m) | C79: m3
B80: Colocación de filtro (material de cantera) | C80: m3
B81: Transporte de filtro desde cantera xxx (Dist. …km) | C81: m3
B82: Colocación de enrocado de protección de dique (D=1m, e de 1m a 0.50m) | C82: m3
B83: Producción en cantera para Enrocado de protección de diques con voladura | C83: m3
B84: Transporte de enrocado desde cantera yyy (Dist. …km) | C84: m3
B86: Mejoramiento de diques
B87: Muros existente a modificar Margen derecho (CUI 3 Anexo 2 HID-21-01, según PIP 6.9km)
B88: Muros existente a modificar Margen izquierdo (CUI 3 Anexo 2 HID-21-01, según PIP 7.78km)
B89: Conformación de material de recrecimiento de dique existente | C89: m3
B90: Perfilado de taludes de dique | C90: m2
B91: Colocación de geotextil 400g/m2 en cara de dique | C91: m2
B92: Colocación de filtro (material de cantera) | C92: m3
B93: Enrocado para recrecimiento de dique existente | C93: m3

Sheet EAP Virú
A2: Paquete | B2: Descripición del paquete | C2: Und.
A3: VIRÚ | B3: CUENCA VIRÚ
A4: 1A | B4: Estructura típica de Quebradas Virú: Protección y Encauzamiento (DIQUES LONGITUDINALES)
B5: Construcción de defensas ribereñas en río/quebrada y encauzamiento
B6: Diques de encauzamiento y protección del río Carabamba Prog. 0+220 a. abajo @ 2+920 a. arriba
B7: Construcción, mejoramiento y/o rehabilitación de acceso hasta diques de relleno
B8: Construcción de campamento provisional de obra
B9: Terraplén para campamento provisional
B10: Campamento
B11: Desbroce y limpieza 110m de ancho | C11: m2
B12: Acopio de material orgánico en DMO
B13: Encauzamiento de aguas superficiales
B14: Descolmatación, limpieza y conformación del cauce | C14: m3
B15: Conformación y compactación de superficie para fundación | C15: m2
B16: Conformación de dique con material propio y material de préstamo | C16: m3
B17: Adecuación de depósito de material excedente (temporal) | C17: m3
B18: Eliminación de material excedente | C18: m3
B19: Perfilado de talud de cara húmeda de dique | C19: m2
B20: Excavación de uña antisocavante | C20: m3
B21: Conformación y perfilado de uña antisocavante
B22: Excavación de zanja para anclaje de geotextil
B23: Colocación de geotextil 400g/m2 en uña antisocavante y cara de dique | C23: m2
B24: Colocación de enrocado de protección en uña antisocavante (D=1.5m) | C24: m3
B25: Extracción y procesamiento de material para filtro | C25: m3
B26: Transporte de filtro desde cantera xxx (Dist. …km) | C26: m3
B27: Colocación de filtro (material de cantera) | C27: m3
B28: Producción en cantera para Enrocado de protección de diques con voladura | C28: m3
B29: Selección de material enrocado y acopio temporal
B30: Transporte de enrocado desde cantera yyy (Dist. …km) | C30: m3
B31: Colocación de enrocado de protección de dique (D=1m, e de 1m a 0.50m) | C31: m3
B32: Perfilado de talud de cara seca de dique | C32: m2
B33: Limpieza y entrega de obra
A35: 2 | B35: Estructura típica: Diques de Retención con GAVIONES
B36: Diques de encauzamiento y protección del río Carabamba Ciudad Prog. 0+000 @ 1+080
B37: Construcción, mejoramiento y/o rehabilitación de acceso hasta diques de relleno
B38: Construcción de campamento provisional de obra
B39: Terraplén para campamento provisional
B40: Campamento
B41: Desbroce y limpieza 30m de ancho | C41: m2
B42: Acopio de material orgánico en DMO
B43: Encauzamiento de aguas superficiales
B44: Excavación para fundación de gaviones (Fundación en roca: Adaptar de acuerdo al terreno) | C44: m3
B45: Anclaje de cajas de gaviones contra roca de fundación | C45: m2
B46: Conformación y compactación de superficie para fundación | C46: m2
B47: Colocación de geotextil 300g/m2 para base de gaviones y en la cara vertical | C47: m2
B48: Colocación de cajones de gaviones de malla inox. y piedra D<0.30m hasta nivel de corona de dique | C48: m3
B49: Selección de roca 30cm para gaviones de material de cantera | C49: m2
B50: Conformación de cauce con tractor sobre orugas y remoción de material excedente | C50: m3
B51: Proceso de material granular en cantera
B52: Construcción, mejoramiento y/o rehabilitación de acceso hasta diques de relleno
B53: Transporte de material granular desde cantera
B54: Relleno de diques con rodillo 2T y equipo manual con material de préstamo | C54: m3
B55: Perfilado de diques | C55: m3
B56: Eliminación de material excedente | C56: m3
A58: 4 | B58: PY 01 - PQT 04 -QDA EL NIÑO: Diques de Retención y Encauzamiento
B59: Construcción de badén de concreto armado Prog. 0+760
B60: Desbroce y limpieza | C60: m2
B61: Excavación hasta nivel de fundación | C61: m3
B62: Conformación y compactación de superficie para fundación | C62: m2
B63: Solado de concreto f´c=10MPa | C63: m2
B64: Habilitación y colocación de acero de refuerzo fy= 4200kgf/cm2 | C64: kg
B65: Encofrado de badén | C65: m2
B66: Juntas entre paños de 5m | C66: m
B67: Colocación de concreto estructural f´c=210kgf/cm2 | C67: m3
B70: Construcción de la Bocatoma Ramos
B71: Construcción, mejoramiento y/o rehabilitación de acceso hasta diques de relleno | C71: km
B72: Construcción de campamento provisional de obra | C72: m2
B73: Terraplén para campamento provisional | C73: m2
B74: Campamento | C74: m2
B75: Conformación y compactación de superficie para fundación | C75: m2
B76: Enrocado acomodado en zonas adyacentes | C76: m3
B77: Poza disipadora
B78: Canal despedrador
B79: Barrajes
B80: Muros de contención de C°A°
B81: Estructuras metálicas
B82: Barandas
B83: Compuertas radial y plana
B84: Escaleras
B86: Diques de encauzamiento y protección del río Virú Prog. 0+000 @13+100 a. abajo (margen derecha)
B87: Conformación de dique con material propio y material de préstamo | C87: m3
B88: Perfilado de taludes de dique | C88: m2
B89: Excavación de uña antisocavante | C89: m3
B90: Conformación y compactación de superficie para fundación | C90: m2
B91: Colocación de geotextil 400g/m2 en uña antisocavante y cara de dique | C91: m2
B92: Colocación de enrocado de protección en uña antisocavante (D=1.5m) | C92: m3
B93: Colocación de filtro (material de cantera) | C93: m3
B94: Transporte de filtro desde cantera xxx (Dist. …km) | C94: m3
B95: Colocación de enrocado de protección de dique (D=1m, e de 1m a 0.60m) | C95: m3
B96: Producción en cantera para Enrocado de protección de diques con voladura | C96: m3
B97: Transporte de enrocado desde cantera yyy (Dist. …km) | C97: m3
B99: Encauzamiento del río Virú Prog. 13+100 @ 22+808.56 a. arriba (todo el ancho)
B100: =CONCATENATE("Desbroce y limpieza lado izquierdo (ancho de cauce promedio = ",ROUNDUP(#REF!,0),"m)") -> #REF! | C100: m2
B101: Retiro de top soil | C101: m3
B102: Transporte y acopio de material orgánico | C102: m3
B103: Reconformación del cauce con material propio (corte/relleno con tractor sobre orugas) | C103: m2

Sheet Resumen
C2: FORMATO C1- PROPUESTA ECONÓMICA | F2: CO-PE-1PE326-CM-HA-004
F3: Revisión 0
C4: “ENTREGA DE LAS DEFENSAS RIBEREÑAS DE LOS RÍOS CHICAMA Y VIRÚ (PAQUETE 9R-06)" | F4: Fecha: 09/03/2022
F5: Página 1 de 3
B9: Referencia: TDR-Anexo 13
C11: Proyecto: | D11: [Consignar número y nombre del proyecto]
C13: Paquete: | D13: [Consignar número y nombre del paquete]
C15: Río: | D15: [Consignar río Chicama o Virú]
C17: Cliente: | D17: OHLA
C19: Postor:
C21: Lugar:
C24: Plazo: | E24: días calendario
C27: Fecha de oferta:
C30: Fecha de inicio para la ejecución:
B34: A. | C34: TOTAL COSTO DIRECTO | F34: 0
B35: B. | C35: GASTOS GENERALES | F35: ='Gastos Generales'!I218 -> 14686432
B36: C. | C36: UTILIDAD | F36: 0
B37: D. | C37: TOTAL COSTO DETERMINADO (A+B+C) | F37: =F34+F35+F36 -> 14686432
B39: E. | C39: IGV (18% D) | E39: 0.18 | F39: =(F37+F38)*E39 -> 2643557.8
B41: F. | C41: TOTAL PRESUPUESTO INICIAL INCLUYE IGV (D+E) | F41: =F37+F38+F39 -> 17329990

Sheet Costo Directo
C2: FORMATO C1: PROPUESTA ECONÓMICA | F2: CO-PE-1PE326-CM-HA-004
F3: Revisión 0
C4: “ENTREGA DE LAS DEFENSAS RIBEREÑAS DE LOS RÍOS CHICAMA Y VIRÚ (PAQUETE 9R-06)" | F4: Fecha: 09/03/2022
F5: Página 2 de 3
B7: Proyecto: | C7: Mejoramiento y Ampliación del Servicio de protección contra inundaciones, en ambas márgenes del río Chicama, tramo de la desembocadura al Oceano Pacífico hasta el Puente Punta Moreno, distritos de Ascope, Chicama, Magdalena de Cao, Casa Grande, Santiago de Cao y San Benito, de la Provincia de Ascope del Departamento de la Libertad y la Provincia de Contumazá del Departamento de Cajamarca
B8: Río: | C8: Río Chicama
B9: N° del Paquete: | C9: Paquete N°06
B10: Nombre del Paquete: | C10: PY 03 - PQT 06 - Río Chicama - Tramo 01: Descolmatación y Encauzamiento 45+000 - 64+022
B12: Referencia: | C12: TDR Anexo 13
B13: PLANILLA DE COSTO DIRECTO
B15: Item | C15: Descripción | D15: Unidad | E15: Total | F15: P.U. (S/) | G15: Total (S/)
B16: 1 | C16: OBRAS PRELIMINARES
B17: 1.01 | C17: Trazo y replanteo topográfico al inicio de obra | D17: mes | E17: 0.5 | F17: 7543.31 | G17: =+ROUND(E17*F17,2) -> 3771.66
B18: 1.02 | C18: Trazo y replanteo topográfico durante la ejecución de obra | D18: mes | E18: 17.33 | F18: 7566.55 | G18: =+ROUND(E18*F18,2) -> 131128.31
B19: 1.03 | C19: Levantamiento topografico final de obra | D19: mes | E19: 0.5 | F19: 14449.31 | G19: =+ROUND(E19*F19,2) -> 7224.66
B20: 1.04 | C20: Cartel de Obra de 4.80 x 3.60 m | D20: und | E20: 1 | F20: 2926.5 | G20: =+ROUND(E20*F20,2) -> 2926.5
B21: 1.05 | C21: Construcción de acceso nuevo
B22: 1.0501 | C22: Excavación en material común para accesos | D22: m3 | E22: 4955.23 | F22: 8.97 | G22: =+ROUND(E22*F22,2) -> 44448.41
B23: 1.0502 | C23: Excavación en roca fracturada | D23: m3 | E23: 0 | F23: 26.91 | G23: =+ROUND(E23*F23,2) -> 0
B24: 1.0503 | C24: Excavación en roca fija con martillo hidráulico | D24: m3 | E24: 0 | F24: 56.06 | G24: =+ROUND(E24*F24,2) -> 0
B25: 1.0504 | C25: Relleno compactado con equipo pesado para accesos | D25: m3 | E25: 1238.81 | F25: 36.75 | G25: =+ROUND(E25*F25,2) -> 45526.27
B26: 1.0505 | C26: Proceso y selección de material propio | D26: m3 | E26: 1238.81 | F26: 9.7 | G26: =+ROUND(E26*F26,2) -> 12016.46
B27: 1.0506 | C27: Transporte de material propio para relleno, d≤1km | D27: m3xkm | E27: 1952.46 | F27: 4.39 | G27: =+ROUND(E27*F27,2) -> 8571.3
B28: 1.0507 | C28: Transporte de material propio para relleno, d>1km | D28: m3xkm | E28: 0 | F28: 2.19 | G28: =+ROUND(E28*F28,2) -> 0
B29: 1.0508 | C29: Producción de material de préstamo | D29: m3 | E29: 0 | F29: 9.7 | G29: =+ROUND(E29*F29,2) -> 0
B30: 1.0509 | C30: Transporte de material de préstamo, d≤1km | D30: m3xkm | E30: 0 | F30: 4.39 | G30: =+ROUND(E30*F30,2) -> 0
B31: 1.051 | C31: Transporte de material de préstamo, d>1km | D31: m3xkm | E31: 0 | F31: 2.19 | G31: =+ROUND(E31*F31,2) -> 0
B32: 1.0511 | C32: Transporte de material excedente a DME, d≤1km | D32: m3xkm | E32: 3716.42 | F32: 4.39 | G32: =+ROUND(E32*F32,2) -> 16315.08
B33: 1.0512 | C33: Transporte de material excedente a DME, d>1km | D33: m3xkm | E33: 148.66 | F33: 2.19 | G33: =+ROUND(E33*F33,2) -> 325.57
... B38: 1.0517 | C38: Habilitación de acceso temporal en cauce de río. (Inc. Colocación y Retiro de alcantarilla) | D38: mes | E38: 18.33 | F38: 15091.3 | G38: =+ROUND(E38*F38,2) -> 276623.53
B39: 1.06 | C39: Rehabilitación de accesos existentes
B40: 1.0601 | C40: Rehabilitación de accesos existentes | D40: km | E40: 39.37 | F40: 6502 | G40: =+ROUND(E40*F40,2) -> 255983.74
B41: 1.0602 | C41: Suministro, transporte de alcantarillas HDPE corrugada para cruce sobre canal | D41: und | E41: 2 | F41: 1854.36 | G41: =+ROUND(E41*F41,2) -> 3708.72
B42: 1.0603 | C42: Suministro, transporte de alcantarillas MCA para cruce sobre canal | D42: und | E42: 11 | F42: 3791.82 | G42: =+ROUND(E42*F42,2) -> 41710.02
B43: 1.07 | C43: Mantenimiento de accesos (L<15 km) | D43: mes | E43: 18.33 | F43: 9615.38 | G43: =+ROUND(E43*F43,2) -> 176249.92
B44: 1.08 | C44: Conformación de ataguía para desvío temporal de cauce de río | D44: m3 | E44: 133448.7 | F44: 5.29 | G44: =+ROUND(E44*F44,2) -> 705943.62
B45: 1.09 | C45: Señalización de obra | D45: mes | E45: 18.33 | F45: 6300 | G45: =+ROUND(E45*F45,2) -> 115479
B46: 1.1 | C46: Movilización de equipos a obra | D46: Glb | E46: 1 | F46: 202000 | G46: =+ROUND(E46*F46,2) -> 202000
B47: 1.11 | C47: Desmovilización de equipos a obra | D47: Glb | E47: 1 | F47: 202000 | G47: =+ROUND(E47*F47,2) -> 202000
B48: 1.12 | C48: Construcción de campamentos (talleres, almacenes y oficinas)
B49: 1.1201 | C49: Conformación de terraplén para campamentos | D49: m2 | E49: 25925.82 | F49: 10.3 | G49: =+ROUND(E49*F49,2) -> 267035.95
B50: 1.1202 | C50: Construcción de campamentos | D50: Glb | E50: 1 | F50: 454631.25 | G50: =+ROUND(E50*F50,2) -> 454631.25
B51: 1.1203 | C51: Mantenimiento de campamentoss | D51: mes | E51: 18.33 | F51: 8186.77 | G51: =+ROUND(E51*F51,2) -> 150063.49
B52: 1.1204 | C52: Desbroce y remoción de suelo vegetal con equipo | D52: m2 | E52: 25925.82 | F52: 4.12 | G52: =+ROUND(E52*F52,2) -> 106814.38
B53: 1.1205 | C53: Transporte de material excedente a DMO, d≤1km | D53: m3xkm | E53: 5185.17 | F53: 4.39 | G53: =+ROUND(E53*F53,2) -> 22762.9
B54: 1.1206 | C54: Transporte de material excedente a DMO, d>1km | D54: m3xkm | E54: 38183.55 | F54: 2.19 | G54: =+ROUND(E54*F54,2) -> 83621.97
B55: 1.13 | C55: Implementación de controles ambientales durante la construcción | D55: mes | E55: 18.33 | F55: 12250 | G55: =+ROUND(E55*F55,2) -> 224542.5
B56: 1.14 | C56: Acondicionamiento de terrenos para DME y DMO | D56: m2 | E56: 552931.51 | F56: 3.24 | G56: =+ROUND(E56*F56,2) -> 1791498.1
B57: 1.15 | C57: Conformación de material excedente en DME y DMO | D57: m3 | E57: 579998.09 | F57: 4.98 | G57: =+ROUND(E57*F57,2) -> 2888390.5
B58: 1.16 | C58: Restauración y revegetación de áreas intervenidas | D58: m2 | E58: 25925.82 | F58: 12.91 | G58: =+ROUND(E58*F58,2) -> 334702.34
B59: 2 | C59: ENCAUZAMIENTO DE RÍO - SECTOR 1
B60: 2.01 | C60: DESCOLMATACIÓN DE CAUCE DE RÍO - SECTOR 1
B61: 2.0101 | C61: Desbroce y remoción de suelo vegetal con equipo | D61: m2 | E61: 0 | F61: 4.12 | G61: =+ROUND(E61*F61,2) -> 0
B62: 2.0102 | C62: Transporte de material excedente a DMO, d≤1km | D62: m3xkm | E62: 0 | F62: 4.39 | G62: =+ROUND(E62*F62,2) -> 0
B63: 2.0103 | C63: Transporte de material excedente a DMO, d>1km | D63: m3xkm | E63: 0 | F63: 2.19 | G63: =+ROUND(E63*F63,2) -> 0
B64: 2.0104 | C64: Excavación en material común seco | D64: m3 | E64: 0 | F64: 5.62 | G64: =+ROUND(E64*F64,2) -> 0
B65: 2.0105 | C65: Excavación en material común saturado | D65: m3 | E65: 0 | F65: 6.99 | G65: =+ROUND(E65*F65,2) -> 0
B66: 2.0106 | C66: Excavación en material común bajo agua | D66: m3 | E66: 0 | F66: 8.09 | G66: =+ROUND(E66*F66,2) -> 0
B67: 2.0107 | C67: Excavación de roca en cauce de río | D67: m3 | E67: 0 | F67: 5.62 | G67: =+ROUND(E67*F67,2) -> 0
B68: 2.0108 | C68: Transporte de material común seco excedente a DME, d≤1km | D68: m3xkm | E68: 0 | F68: 4.39 | G68: =+ROUND(E68*F68,2) -> 0
B69: 2.0109 | C69: Transporte de material común seco excedente a DME, d>1km | D69: m3xkm | E69: 0 | F69: 2.19 | G69: =+ROUND(E69*F69,2) -> 0
B70: 2.011 | C70: Transporte de material común saturado excedente a DME, d≤1km | D70: m3xkm | E70: 0 | F70: 4.39 | G70: =+ROUND(E70*F70,2) -> 0
B71: 2.0111 | C71: Transporte de material común saturado excedente a DME, d>1km | D71: m3xkm | E71: 0 | F71: 2.19 | G71: =+ROUND(E71*F71,2) -> 0
B72: 2.0112 | C72: Transporte de material común bajo agua excedente a DME, d≤1km | D72: m3xkm | E72: 0 | F72: 4.39 | G72: =+ROUND(E72*F72,2) -> 0
... B80: 2.012 | C80: Transporte de material de demolición a DME D>1Km | D80: m3xkm | E80: 0 | F80: 2.19 | G80: =+ROUND(E80*F80,2) -> 0
B81: 2.02 | C81: MOVIMIENTO DE TIERRAS PARA DIQUE LONGITUDINALES - SECTOR 1
B82: 2.0201 | C82: Desbroce y remoción de suelo vegetal con equipo | D82: m2 | E82: 65813.97 | F82: 4.12 | G82: =+ROUND(E82*F82,2) -> 271153.56
B83: 2.0202 | C83: Transporte de material excedente a DMO, d≤1km | D83: m3xkm | E83: 24186.79 | F83: 4.39 | G83: =+ROUND(E83*F83,2) -> 106180.01
B84: 2.0203 | C84: Transporte de material excedente a DMO, d>1km | D84: m3xkm | E84: 205885.6 | F84: 2.19 | G84: =+ROUND(E84*F84,2) -> 450889.46
B85: 2.0204 | C85: Excavación en material común | D85: m3 | E85: 152481.94 | F85: 5.62 | G85: =+ROUND(E85*F85,2) -> 856948.5
B86: 2.0205 | C86: Excavación para conformación de uña antisocavante | D86: m3 | E86: 95106.03 | F86: 8.72 | G86: =+ROUND(E86*F86,2) -> 829324.58
B87: 2.0206 | C87: Excavación de zanja de anclaje para geotextil | D87: m3 | E87: 1837.35 | F87: 39.8 | G87: =+ROUND(E87*F87,2) -> 73126.53
B88: 2.0207 | C88: Transporte de material excedente a DME, d≤1km | D88: m3xkm | E88: 50675.5 | F88: 4.39 | G88: =+ROUND(E88*F88,2) -> 222465.45
B89: 2.0208 | C89: Transporte de material excedente a DME, d>1km | D89: m3xkm | E89: 409124.9 | F89: 2.19 | G89: =+ROUND(E89*F89,2) -> 895983.53
B90: 2.0209 | C90: Conformación y compactación de superficie para fundación con equipo pesado | D90: m2 | E90: 222937.86 | F90: 5.9 | G90: =+ROUND(E90*F90,2) -> 1315333.4
B91: 2.021 | C91: Relleno compactado con equipo pesado | D91: m3 | E91: 155170.1 | F91: 10.52 | G91: =+ROUND(E91*F91,2) -> 1632389.4
B92: 2.0211 | C92: Relleno propio sin compactar | D92: m3 | E92: 26853.81 | F92: 6.59 | G92: =+ROUND(E92*F92,2) -> 176966.61
B93: 2.0212 | C93: Perfilado de taludes de dique con equipo | D93: m2 | E93: 141484.81 | F93: 4.35 | G93: =+ROUND(E93*F93,2) -> 615458.92
... B101: 2.022 | C101: Restauración y revegetación de áreas intervenidas | D101: m2 | E101: 65813.97 | F101: 12.91 | G101: =+ROUND(E101*F101,2) -> 849658.35
B102: 2.03 | C102: ENROCADO DE PROTECCIÓN - SECTOR 1
B103: 2.0301 | C103: Transporte de roca seleccionada de cantera para enrocado de protección, d≤1km | D103: m3xkm | E103: 169135.18 | F103: 4.39 | G103: =+ROUND(E103*F103,2) -> 742503.44
B104: 2.0302 | C104: Transporte de roca seleccionada de cantera para enrocado de protección, d>1km | D104: m3xkm | E104: 3576208.8 | F104: 2.19 | G104: =+ROUND(E104*F104,2) -> 7831897.3
B105: 2.0303 | C105: Colocación de roca seleccionada, en cara húmeda de talud | D105: m3 | E105: 71404.81 | F105: 26.65 | G105: =+ROUND(E105*F105,2) -> 1902938.2
B106: 2.0304 | C106: Colocación de roca seleccionada, en uña antisocavante | D106: m3 | E106: 97730.37 | F106: 16.01 | G106: =+ROUND(E106*F106,2) -> 1564663.2
B107: 2.04 | C107: REMOCION DE ENROCADO DE DIQUES EN MAL ESTADO - SECTOR 1
B108: 2.0401 | C108: Remoción de enrocado de cara húmeda de talud | D108: m3 | E108: 20969.08 | F108: 4.47 | G108: =+ROUND(E108*F108,2) -> 93731.79
B109: 2.0402 | C109: Remoción de enrocado de uña | D109: m3 | E109: 0 | F109: 4.47 | G109: =+ROUND(E109*F109,2) -> 0
B110: 2.0403 | C110: Selección y acopio de roca removida | D110: m3 | E110: 20945.76 | F110: 12.19 | G110: =+ROUND(E110*F110,2) -> 255328.81
B111: 2.0404 | C111: Remoción de relleno de dique existente | D111: m3 | E111: 0 | F111: 9.01 | G111: =+ROUND(E111*F111,2) -> 0
B112: 2.0405 | C112: Transporte de material excedente a DME, d≤1km | D112: m3xkm | E112: 0 | F112: 4.39 | G112: =+ROUND(E112*F112,2) -> 0
B113: 2.0406 | C113: Transporte de material excedente a DME, d>1km | D113: m3xkm | E113: 0 | F113: 2.19 | G113: =+ROUND(E113*F113,2) -> 0
B114: 2.0407 | C114: Transporte de roca rechazada a DME, d≤1km | D114: m3xkm | E114: 3738.06 | F114: 4.39 | G114: =+ROUND(E114*F114,2) -> 16410.08
B115: 2.0408 | C115: Transporte de roca rechazada a DME, d>1km | D115: m3xkm | E115: 26413.44 | F115: 2.19 | G115: =+ROUND(E115*F115,2) -> 57845.43
B116: 2.05 | C116: CONCRETO ARMADO
B117: 2.0501 | C117: Suministro y colocación de concreto premezclado f´c=100 kg/cm2, e=0.10 m para solado | D117: m2 | E117: 1183.15 | F117: 55.24 | G117: =+ROUND(E117*F117,2) -> 65357.21
B118: 2.0502 | C118: Suministro, habilitación, encofrado y desencofrado para estructuras | D118: m2 | E118: 2938.3 | F118: 74.64 | G118: =+ROUND(E118*F118,2) -> 219314.71
B119: 2.0503 | C119: Suministro, habilitación y colocación de acero de refuerzo f'y=4200 kg/cm2 | D119: kg | E119: 115595.66 | F119: 7.56 | G119: =+ROUND(E119*F119,2) -> 873903.19
B120: 2.0504 | C120: Suministro y colocación de concreto estructural premezclado f´c=280 kg/cm2 | D120: m3 | E120: 1321 | F120: 533.65 | G120: =+ROUND(E120*F120,2) -> 704951.65
B121: 2.0505 | C121: Transporte de concreto premezclado con camión mixer, d≤1km | D121: m3xkm | E121: 1266.6 | F121: 6.76 | G121: =+ROUND(E121*F121,2) -> 8562.22
B122: 2.0506 | C122: Transporte de concreto premezclado con camión mixer, d>1km | D122: m3xkm | E122: 105947.23 | F122: 3.38 | G122: =+ROUND(E122*F122,2) -> 358101.64
...

Sheet Gastos Generales
C1: FORMATO C1- PROPUESTA ECONÓMICA | H1: CO-PE-1PE326-CM-HA-004
H2: Revisión 0
C3: “ENTREGA DE LAS DEFENSAS RIBEREÑAS DE LOS RÍOS CHICAMA Y VIRÚ (PAQUETE 9R-06)" | H3: Fecha: 09/03/2022
H4: Página 3 de 3
A6: Proyecto: | C6: =+'Costo Directo'!C7 -> Mejoramiento y Ampliación del Servicio de protección contra inundaciones, en ambas márgenes del río Chicama, tramo de la desembocadura al Oceano Pacífico hasta el Puente Punta Moreno, distritos de Ascope, Chicama, Magdalena de Cao, Casa Grande, Santiago de Cao y San Benito, de la Provincia de Ascope del Departamento de la Libertad y la Provincia de Contumazá del Departamento de Cajamarca
A7: Río: | C7: =+'Costo Directo'!C8 -> Río Chicama
A8: N° del Paquete: | C8: =+'Costo Directo'!C9 -> Paquete N°06
A9: Nombre del Paquete: | C9: PY 03 - PQT 06 - Río Chicama - Tramo 01: Descolmatación y Encauzamiento 45+000 - 64+022
A11: Referencia: | B11: TDR Anexo 13
C12: PLANILLA DE GASTOS GENERALES - GESTIÓN
A13: Instrucciones para el llenado de la planilla: El Postor deberá llenar cada concepto de acuerdo a su estructura, considerando su personal clave, personal administrativo, personal indirecto de todas las áreas y los gastos no contemplados en el costo directo de suministro y construcción, incluidos gastos financieros, seguros, fianzas, etc. La planilla a continuación puede modificarse de acuerdo a las premisas que el Postor considere necesarias, las mismas que deben estar específicadas por área y con unidad de medida mensual o en porcentaje para el caso de gastos financieros. Se sugiere evitar costos globales y verificar que los gastos generales no dupliquen gastos considerados en la planilla de costo directo.
C15: GASTOS VARIABLES | H15: COSTO DIRECTO | I15: =+'Costo Directo'!G698 -> 1.0914526e+08
C17: GASTOS DE DIRECCION Y ADMINISTRACION DEL PROYECTO
A18: Item | B18: Descripción | D18: Unidad | E18: Personas | F18: % incidencia | G18: Tiempo (mes) | H18: Costo mensual (S/) | I18: Costo parcial (S/)
B19: Gerente de obra/Ingeniero Residente de obra | D19: mes | E19: 1 | F19: 1 | G19: 13 | H19: 15000 | I19: =E19*F19*G19*H19 -> 195000
B20: Administrador de Contrato (Abogado) | D20: mes | E20: 1 | F20: 1 | G20: 13 | H20: 12500 | I20: =E20*F20*G20*H20 -> 162500
B21: Administrador de Obra | D21: mes | E21: 1 | F21: 1 | G21: 13 | H21: 12500 | I21: =E21*F21*G21*H21 -> 162500
B22: Jefe de Oficina Técnica | D22: mes | E22: 1 | F22: 1 | G22: 13 | H22: 13000 | I22: =E22*F22*G22*H22 -> 169000
B23: Beneficios sociales | D23: glb | E23: 1 | F23: 0.42 | G23: 1 | H23: =+SUM(I19:I22) -> 689000 | I23: =E23*F23*G23*H23 -> 289380
B24: Alimentación y alojamiento Staff | D24: pers *mes | E24: 4 | F24: 1 | G24: 13 | H24: 1600 | I24: =+H24*G24*E24 -> 83200
B25: Viajes avión staff | D25: Unidad | E25: 1 | F25: 2 | G25: 13 | H25: 1100 | I25: =+H25*G25*E25 -> 14300
B26: Camionetas | D26: mes | E26: 1 | F26: 1 | G26: 13 | H26: 4500 | I26: =+H26*G26*E26 -> 58500
B27: Combustible vehículos para personal | D27: mes | E27: 1 | F27: 1 | G27: 13 | H27: 2800 | I27: =+H27*G27*E27 -> 36400
B28: Compra de agua | D28: mes | E28: 4 | F28: 1 | G28: 13 | H28: 150 | I28: =+H28*G28*E28 -> 7800
B29: Compra de material de oficina | D29: mes | E29: 4 | F29: 1 | G29: 13 | H29: 450 | I29: =+H29*G29*E29 -> 23400
B30: Equipo de computo | D30: mes | E30: 4 | F30: 1 | G30: 13 | H30: 500 | I30: =+H30*G30*E30 -> 26000
B31: Examenes medicos ocupacionales | D31: glb | E31: 1 | F31: 1 | G31: 1 | H31: =4*350 -> 1400 | I31: =+H31*G31*E31 -> 1400
H32: SUB TOTAL S/ | I32: =SUM(I19:I31) -> 1229380
C34: GASTOS DE OPERACIÓN - CONSTRUCCIÓN
A35: Item | B35: Descripción | D35: Unidad | E35: Personas | F35: % incidencia | G35: Tiempo (mes) | H35: Costo mensual (S/) | I35: Costo parcial (S/)
B36: Jefe de Frente | D36: mes | E36: 3 | F36: 1 | G36: 13 | H36: 9500 | I36: =E36*F36*G36*H36 -> 370500
B37: Jefe de Frente | D37: mes | E37: 1 | F37: 1 | G37: 10 | H37: 9500 | I37: =E37*F37*G37*H37 -> 95000
B38: Jefe de Frente | D38: mes | E38: 1 | F38: 1 | G38: 5 | H38: 9500 | I38: =E38*F38*G38*H38 -> 47500
B39: Supervisor Mov. Tierras (Turno Noche) | D39: mes | E39: 1 | F39: 1 | G39: 4 | H39: 9500 | I39: =E39*F39*G39*H39 -> 38000
B40: Control Documentario | D40: mes | E40: 1 | F40: 1 | G40: 13 | H40: 5500 | I40: =E40*F40*G40*H40 -> 71500
B41: Ingeniero Hidraulico | D41: mes | E41: 1 | F41: 1 | G41: 13 | H41: 9500 | I41: =E41*F41*G41*H41 -> 123500
B42: Ingeniero Control de Costos y Valorizaciones | D42: mes | E42: 1 | F42: 1 | G42: 13 | H42: 9500 | I42: =E42*F42*G42*H42 -> 123500
B43: Ingeniero Planeamiento | D43: mes | E43: 1 | F43: 1 | G43: 13 | H43: 9500 | I43: =E43*F43*G43*H43 -> 123500
B44: Cadista | D44: mes | E44: 1 | F44: 1 | G44: 13 | H44: 5500 | I44: =E44*F44*G44*H44 -> 71500
B45: Cadista | D45: mes | E45: 1 | F45: 1 | G45: 8 | H45: 5500 | I45: =E45*F45*G45*H45 -> 44000
B46: Topografo | D46: mes | E46: 2 | F46: 1 | G46: 13 | H46: 6500 | I46: =E46*F46*G46*H46 -> 169000
B47: Topografo | D47: mes | E47: 1 | F47: 1 | G47: 9 | H47: 6500 | I47: =E47*F47*G47*H47 -> 58500
... B64: Conductores (Coaster) | D64: mes | E64: 1 | F64: 1 | G64: 8 | H64: 4500 | I64: =E64*F64*G64*H64 -> 36000
B65: Beneficios sociales | D65: glb | E65: 1 | F65: 0.42 | G65: 1 | H65: =+SUM(I36:I64) -> 2810500 | I65: =E65*F65*G65*H65 -> 1180410
B66: Alimentación y alojamiento Staff | D66: pers *mes | E66: =+E36+E40+E41+E42+E43+E44+E51+E52+E53 -> 11 | F66: 1 | G66: 13 | H66: 1600 | I66: =E66*F66*G66*H66 -> 228800
B67: Alimentación y alojamiento Staff | D67: pers *mes | E67: =+E37 -> 1 | F67: 1 | G67: 10 | H67: 1600 | I67: =E67*F67*G67*H67 -> 16000
B68: Alimentación y alojamiento Staff | D68: pers *mes | E68: =+E45 -> 1 | F68: 1 | G68: 8 | H68: 1600 | I68: =E68*F68*G68*H68 -> 12800
B69: Alimentación y alojamiento Staff | D69: pers *mes | E69: =+E38 -> 1 | F69: 1 | G69: 5 | H69: 1600 | I69: =E69*F69*G69*H69 -> 8000
B70: Alimentación y alojamiento Staff | D70: pers *mes | E70: =+E39 -> 1 | F70: 1 | G70: 4 | H70: 1600 | I70: =E70*F70*G70*H70 -> 6400
B71: Alimentación y alojamiento asistentes | D71: pers *mes | E71: =+E46+E49+E54+E55+E56+E57+E60+E62+E64 -> 17 | F71: 1 | G71: 13 | H71: 1600 | I71: =E71*F71*G71*H71 -> 353600
B72: Alimentación y alojamiento asistentes | D72: pers *mes | E72: =+E58 -> 1 | F72: 1 | G72: 12 | H72: 1600 | I72: =E72*F72*G72*H72 -> 19200
B73: Alimentación y alojamiento asistentes | D73: pers *mes | E73: =+E47 -> 1 | F73: 1 | G73: 9 | H73: 1600 | I73: =E73*F73*G73*H73 -> 14400
B74: Alimentación y alojamiento asistentes | D74: pers *mes | E74: =+E48+E50+E59+E61+E63 -> 7 | F74: 1 | G74: 8 | H74: 1600 | I74: =E74*F74*G74*H74 -> 89600
B75: Viajes avón staff | D75: Unidad | E75: =+E66 -> 11 | F75: 2 | G75: =+G66 -> 13 | H75: 850 | I75: =E75*F75*G75*H75 -> 243100
B76: Viajes avón staff | D76: Unidad | E76: =+E67 -> 1 | F76: 2 | G76: =+G67 -> 10 | H76: 850 | I76: =E76*F76*G76*H76 -> 17000
B77: Viajes avón staff | D77: Unidad | E77: =+E68 -> 1 | F77: 2 | G77: =+G68 -> 8 | H77: 850 | I77: =E77*F77*G77*H77 -> 13600
B78: Viajes avón staff | D78: Unidad | E78: =+E69 -> 1 | F78: 2 | G78: =+G69 -> 5 | H78: 850 | I78: =E78*F78*G78*H78 -> 8500
B79: Viajes avón staff | D79: Unidad | E79: =+E70 -> 1 | F79: 2 | G79: =+G70 -> 4 | H79: 850 | I79: =E79*F79*G79*H79 -> 6800
B80: Viajes asistentes | D80: Unidad | E80: =+E71 -> 17 | F80: 1 | G80: =+G71 -> 13 | H80: 850 | I80: =E80*F80*G80*H80 -> 187850
B81: Viajes asistentes | D81: Unidad | E81: =+E72 -> 1 | F81: 1 | G81: =+G72 -> 12 | H81: 850 | I81: =E81*F81*G81*H81 -> 10200
B82: Viajes asistentes | D82: Unidad | E82: =+E73 -> 1 | F82: 1 | G82: =+G73 -> 9 | H82: 850 | I82: =E82*F82*G82*H82 -> 7650
B83: Viajes asistentes | D83: Unidad | E83: =+E74 -> 7 | F83: 1 | G83: =+G74 -> 8 | H83: 850 | I83: =E83*F83*G83*H83 -> 47600
B84: Coaster | D84: mes | E84: =+E62 -> 2 | F84: 1 | G84: =+G62 -> 13 | H84: 6500 | I84: =+H84*G84*E84 -> 169000
B85: Coaster | D85: mes | E85: 1 | F85: 1 | G85: =+G63 -> 12 | H85: 6500 | I85: =+H85*G85*E85 -> 78000
B86: Coaster | D86: mes | E86: 1 | F86: 1 | G86: =+G64 -> 8 | H86: 6500 | I86: =+H86*G86*E86 -> 52000
B87: Combustible Coaster | D87: mes | E87: =+E84 -> 2 | F87: 1 | G87: =+G84 -> 13 | H87: 3600 | I87: =+H87*G87*E87 -> 93600
B88: Combustible Coaster | D88: mes | E88: =+E85 -> 1 | F88: 1 | G88: =+G85 -> 12 | H88: 3600 | I88: =+H88*G88*E88 -> 43200
B89: Combustible Coaster | D89: mes | E89: =+E86 -> 1 | F89: 1 | G89: =+G86 -> 8 | H89: 3600 | I89: =+H89*G89*E89 -> 28800
B90: Compra de agua de mesa | D90: mes | E90: =+E75+E80 -> 28 | F90: 1 | G90: 13 | H90: 150 | I90: =+H90*G90*E90 -> 54600
B91: Compra de agua de mesa | D91: mes | E91: =+E81 -> 1 | F91: 1 | G91: 12 | H91: 150 | I91: =+H91*G91*E91 -> 1800
B92: Compra de agua de mesa | D92: mes | E92: =+E76 -> 1 | F92: 1 | G92: 10 | H92: 150 | I92: =+H92*G92*E92 -> 1500
B93: Compra de agua de mesa | D93: mes | E93: =+E82 -> 1 | F93: 1 | G93: 9 | H93: 150 | I93: =+H93*G93*E93 -> 1350
B94: Compra de agua de mesa | D94: mes | E94: =+E77+E83 -> 8 | F94: 1 | G94: 8 | H94: 150 | I94: =+H94*G94*E94 -> 9600
B95: Compra de agua de mesa | D95: mes | E95: =+E78 -> 1 | F95: 1 | G95: 5 | H95: 150 | I95: =+H95*G95*E95 -> 750
B96: Compra de agua de mesa | D96: mes | E96: =+E79 -> 1 | F96: 1 | G96: 4 | H96: 150 | I96: =+H96*G96*E96 -> 600
B97: Compra de material de oficina | D97: mes | E97: =+E75 -> 11 | F97: 1 | G97: =+G75 -> 13 | H97: 450 | I97: =+H97*G97*E97 -> 64350
B98: Compra de material de oficina | D98: mes | E98: =+E76 -> 1 | F98: 1 | G98: =+G76 -> 10 | H98: 450 | I98: =+H98*G98*E98 -> 4500
B99: Compra de material de oficina | D99: mes | E99: =+E77 -> 1 | F99: 1 | G99: =+G77 -> 8 | H99: 450 | I99: =+H99*G99*E99 -> 3600
B100: Compra de material de oficina | D100: mes | E100: =+E78 -> 1 | F100: 1 | G100: =+G78 -> 5 | H100: 450 | I100: =+H100*G100*E100 -> 2250
B101: Compra de material de oficina | D101: mes | E101: =+E79 -> 1 | F101: 1 | G101: =+G79 -> 4 | H101: 450 | I101: =+H101*G101*E101 -> 1800
B102: Equipo de computo | D102: mes | E102: 1 | F102: 1 | G102: 13 | H102: 500 | I102: =+H102*G102*E102 -> 6500
B103: Equipo de computo | D103: mes | E103: =+E76 -> 1 | F103: 1 | G103: =+G76 -> 10 | H103: 500 | I103: =+H103*G103*E103 -> 5000
B104: Equipo de computo | D104: mes | E104: =+E77 -> 1 | F104: 1 | G104: =+G77 -> 8 | H104: 500 | I104: =+H104*G104*E104 -> 4000
B105: Equipo de computo | D105: mes | E105: =+E78 -> 1 | F105: 1 | G105: =+G78 -> 5 | H105: 500 | I105: =+H105*G105*E105 -> 2500
B106: Equipo de computo | D106: mes | E106: =+E79 -> 1 | F106: 1 | G106: =+G79 -> 4 | H106: 500 | I106: =+H106*G106*E106 -> 2000
B107: Compra de EPP´s de personal indirecto (MOI) | D107: glb | E107: 1 | F107: 1 | G107: 1 | H107: =320*1200 -> 384000 | I107: =+H107*G107*E107 -> 384000
B108: Compra de EPP´s de personal indirecto (MOD) | D108: glb | E108: 1 | F108: 1 | G108: 1 | H108: =244*3*1200 -> 878400 | I108: =+H108*G108*E108 -> 878400
B109: Compra de radios base y equipos de comunic | D109: glb | E109: 1 | F109: 1 | G109: 1 | H109: 37500 | I109: =+H109*G109*E109 -> 37500
B110: Examen medico de personal indirecto (MOI) | D110: glb | E110: 1 | F110: 1 | G110: 1 | H110: =67*350 -> 23450 | I110: =+H110*G110*E110 -> 23450
B111: Examen medico de personal indirecto (MOD) | D111: glb | E111: 1 | F111: 1 | G111: 1 | H111: =244*350 -> 85400 | I111: =+H111*G111*E111 -> 85400
H112: SUB TOTAL S/ | I112: =SUM(I36:I111) -> 7322060
C114: GASTOS DE OPERACIÓN - SEGURIDAD, SALUD OCUPACIONAL Y MEDIO AMBIENTE
A115: Item | B115: Descripción | D115: Unidad | E115: Personas | F115: % incidencia | G115: Tiempo (mes) | H115: Costo mensual (S/) | I115: Costo parcial (S/)
B116: Jefe de SSOMA | D116: mes | E116: 1 | F116: 1 | G116: 13 | H116: 11500 | I116: =E116*F116*G116*H116 -> 149500
B117: Ingeniero de Seguridad | D117: mes | E117: 1 | F117: 1 | G117: 13 | H117: 9500 | I117: =E117*F117*G117*H117 -> 123500
B118: Monitor de Seguridad | D118: mes | E118: 1 | F118: 1 | G118: 13 | H118: 6500 | I118: =E118*F118*G118*H118 -> 84500
B119: Monitor de Seguridad | D119: mes | E119: 2 | F119: 1 | G119: 9 | H119: 6500 | I119: =E119*F119*G119*H119 -> 117000
B120: Monitor de Seguridad | D120: mes | E120: 2 | F120: 1 | G120: 3 | H120: 6500 | I120: =E120*F120*G120*H120 -> 39000
B121: Beneficios sociales | D121: glb | E121: 1 | F121: 0.42 | G121: 1 | H121: =+SUM(I116:I120) -> 513500 | I121: =E121*F121*G121*H121 -> 215670
B122: Alimentación y alojamiento Staff | D122: pers *mes | E122: =+E116+E117 -> 2 | F122: 1 | G122: 13 | H122: 1600 | I122: =+H122*G122*E122 -> 41600
...
